 Dungeon Crawl Stone Soup version 0.31-a0-23-gcbde74481b (webtiles) character file.

Game seed: 15118382530164357553

81 pk666 the Magician (level 4, -4/24 HPs)
             Began as a Deep Elf Hedge Wizard on May 14, 2023.
             Slain by an orc wizard
             ... wielding a +4 dagger of venom
              (5 damage)
             ... on level 3 of the Dungeon.
             The game lasted 00:04:32 (2948 turns).

pk666 the Magician (Deep Elf Hedge Wizard)          Turns: 2948, Time: 00:04:33

Health: -4/24      AC:  2    Str:  7    XL:     4   Next: 19%
Magic:  0/13       EV: 12    Int: 21    God:
Gold:   88         SH:  0    Dex: 14    Spells: 7/13 levels left

rFire   . . .        a - +0 dagger
rCold   . . .        (no shield)
rNeg    . . .        b - +0 robe
rPois   .            c - +0 hat
rElec   .            (no cloak)
rCorr   .            (no gloves)
SInv    .            (no boots)
Will    .....        (no amulet)
Stlth   ++           (no ring)
HPRegen 0.24/turn    (no ring)
MPRegen 0.13/turn

%: no passive effects
@: lethally poisoned (-4 -> -22), very slightly contaminated
A: no striking features
a: no special abilities


You were on level 3 of the Dungeon.
You visited 1 branch of the dungeon, and saw 3 of its levels.

You collected 88 gold pieces.

Inventory:

Hand Weapons
 a - a +0 dagger (weapon)
Armour
 b - a +0 robe (worn)
 c - a +0 hat (worn)
Scrolls
 f - 4 scrolls of identify {unknown}
 g - 2 scrolls of enchant weapon {unknown}
 i - a scroll of fog {unknown}
 k - a scroll of enchant armour {unknown}
 l - a scroll of fear {unknown}
Potions
 d - 2 potions of magic
 e - 2 potions of haste {unknown}
 h - 2 potions of curing {unknown}
 j - a potion of flight {unknown}
 m - a potion of degeneration {unknown}


   Skills:
 - Level 2.4 Dodging
 - Level 2.4 Stealth
 + Level 5.1 Spellcasting
 * Level 3.0 Conjurations
 - Level 1.1 Summonings
 - Level 1.9 Translocations
 + Level 0.5 Air Magic
 * Level 1.2 Poison Magic


You had 7 spell levels left.
You knew the following spells:

 Your Spells              Type           Power      Damage    Failure   Level
a - Magic Dart            Conj           72%        1d6       3%          1
b - Blink                 Tloc           26%        N/A       8%          2
c - Mephitic Cloud        Conj/Pois/Air  12%        N/A       17%         3

Your spell library contained the following spells:

 Spells                   Type           Power      Damage    Failure   Level
 Slow                     Hex            20%        N/A       11%         1
 Call Imp                 Summ           18%        N/A       11%         2
 Cigotuvi's Dreadful Rot  Necr/Pois/Air  14%        N/A       13%         2
 Swiftness                Air            7%         N/A       26%         3
 Summon Lightning Spire   Summ/Air       8%         N/A       58%         4
 Airstrike                Air            3%         2d(1-17)  63%         4
 Chain Lightning          Conj/Air       6%         3d8       100%        9


Dungeon Overview and Level Annotations

Branches:
Dungeon (3/15)

Altars:
Gozag

Annotations:
D:3 Grinder


Message History

Aiming: Magic Dart (safe; 3% risk of failure)
Press: ? - help, Shift-Dir - straight line You can't see that place.
Okay, then.
Casting: Magic Dart (safe; 3% risk of failure)
Confirm with . or Enter, or press ? or * to list all spells.
Aiming: Magic Dart (safe; 3% risk of failure)
Press: ? - help, Shift-Dir - straight line You miscast Magic Dart.
You are very lightly contaminated with residual magic.
Nothing appears to happen.
Casting: Magic Dart (safe; 3% risk of failure)
Confirm with . or Enter, or press ? or * to list all spells.
Aiming: Magic Dart (safe; 3% risk of failure)
Press: ? - help, Shift-Dir - straight line The magic dart hits the orc wizard but does no damage.
The orc wizard is heavily wounded.
Casting: Magic Dart (safe; 3% risk of failure)
Confirm with . or Enter, or press ? or * to list all spells.
Aiming: Magic Dart (safe; 3% risk of failure)
Press: ? - help, Shift-Dir - straight line The magic dart hits the orc wizard.
The orc wizard is heavily wounded.
The orc wizard hits you with a +4 dagger of venom.
You barely miss the orc wizard.
The orc wizard is heavily wounded.
The orc wizard hits you with a +4 dagger of venom.
You are poisoned.
You hit the orc wizard.
The orc wizard is heavily wounded.
You feel very sick.
The orc wizard hits you with a +4 dagger of venom.
* * * LOW HITPOINT WARNING * * *
You are more poisoned.
You hit the orc wizard.
The orc wizard is severely wounded.
* * * LOW HITPOINT WARNING * * *
You feel very sick.
The orc wizard hits you with a +4 dagger of venom.
You die...

................#.#######.#
#########.#.....#..##...(.###
#.##...###...>#.....#
#.##...# ####.#.###.#
#.##...# #.....#.# #.##...#
###.....# #.##...# ###.###
#.##...##########.#
#..##.##@o........#
####...############ #...#
#8_8# #####


You could see an orc wizard.

Vanquished Creatures
  An orc wizard (D:3)
  A worm (D:2)
  A dart slug (D:2)
  6 orcs (D:3)
  3 endoplasms
  6 giant cockroaches
  4 goblins
  3 hobgoblins
  4 jackals (D:1)
  3 ball pythons
  2 bats
  A frilled lizard (D:2)
  4 kobolds
  3 rats
42 creatures vanquished.

Notes
Turn   | Place    | Note
-------+----------+-------------------------------------------
     0 | D:1      | pk666 the Deep Elf Hedge Wizard began the quest for the
                  | Orb.
     0 | D:1      | Reached XP level 1. HP: 10/10 MP: 7/7
   193 | D:1      | Reached XP level 2. HP: 11/15 MP: 1/9
  1283 | D:2      | Reached XP level 3. HP: 19/19 MP: 8/11
  1557 | D:2      | Got the Guidebook on the Birds
  1561 | D:2      | Learned a level 2 spell: Blink
  1565 | D:2      | Learned a level 3 spell: Mephitic Cloud
  1680 | D:2      | Found a faded altar of an unknown god.
  2587 | D:3      | Found an opulent altar of Gozag.
  2618 | D:3      | Noticed Grinder
  2884 | D:3      | Reached skill level 5 in Spellcasting
  2897 | D:3      | Reached skill level 1 in Poison Magic
  2897 | D:3      | Reached XP level 4. HP: 12/24 MP: 3/13
  2948 | D:3      | HP: 1/24 [poisoned by an orc wizard]
  2948 | D:3      | Slain by an orc wizard

Illustrated notes

Levels and vault maps discovered:
D:1:      co_arrival_square_in_a_square_in_a_square, layout_basic
D:2:      layout_basic, dreamdust_ecumenical_altar_angels_and_demons
D:3:      layout_basic, grunt_gozag_breadcrumbs, uniq_grinder

Skill      XL: |  1  2  3 |
---------------+----------+-----
Conjurations   | 2 3 |  3.0
Spellcasting   | 5 |  5.1
Poison Magic   | 1 |  1.2
Dodging        | |  2.4
Stealth        | |  2.4
Summonings     | |  1.1
Translocations | |  1.9
Air Magic      | |  0.5

Action                     |  1- 3 |  4- 6 || total
---------------------------+-------+-------++-------
  Melee: Dagger            |    27 |     3 ||    30
   Cast: Magic Dart        |   105 |     9 ||   114
 Armour: Robe              |     8 |       ||     8
  Dodge: Dodged            |    29 |     1 ||    30

Table legend: (Time is in decaauts)
 A = Elapsed time spent in this place.
 B = Non-inter-level travel time spent in this place.
 C = Inter-level travel time spent in this place.
 D = Time resting spent in this place.
 E = Time spent auto-exploring this place.
 F = Levels seen in this place.
 G = Mean time per level.
                   A        B        C        D        E       F      G
               +--------+--------+--------+--------+--------+-----+--------+
         Total |   2947 |   2878 |     69 |    468 |   2066 |   3 |  982.3 |
       Dungeon |   2947 |   2878 |     69 |    468 |   2066 |   3 |  982.3 |
               +--------+--------+--------+--------+--------+-----+--------+

Top non-repeatable levels by time:
     D:2: 1198 daAuts
     D:1: 1176 daAuts
     D:3: 572 daAuts
